 Dungeon Sprint DCSS version 0.29-a0-25-g7f48f510a0 (webtiles) character file.

Game seed: 4606052428592402209

22995 HallandMoats the Warrior (level 13, -26/133 HPs)
             Began as a Ghoul Monk on Jan 31, 2022.
             Was the Champion of Qazlal.
             Annihilated by an iron giant (61 damage)
             ... in the Dungeon (Sprint V: "Ziggurat Sprint").
             The game lasted 00:07:51 (454 turns).

HallandMoats the Warrior (Ghoul Monk)                Turns: 454, Time: 00:07:51

Health: -26/133    AC: 26    Str: 28    XL:     13   Next: 3%
Magic:  20/24      EV:  9    Int: 13    God:    Qazlal [******]
Gold:   0          SH: 38    Dex: 19    Spells: 12/12 levels left

rFire   . . .      SeeInvis +   B - +14 obsidian axe {vorpal, Mesm Drain Fly SInv}
rCold   + . .      Faith    .   C - +18 shield of the Gong {rElec rN+ Will+ EV-5}
rNeg    + + +      Spirit   .   y - +12 chain mail "Uduad" {rElec Int+8 Slay+6 Stlth-}
rPois   ∞          Reflect  .   u - +2 helmet {SInv}
rElec   +          Harm     .   (no cloak)
rCorr   .          Rampage  .   (no gloves)
Will    +....      NoTele   +   (no boots)
Stlth   ..........              b - amulet "Piotuidgh" {+Blink Regen+ Dex+2}
HPRegen 0.00/turn               A - ring of the Distant Future {rC- Dex+6 Slay+6}
MPRegen 0.19/turn               x - ring of Elyvilon's Favour {rElec rPois rC+ Str+8 Stlth-}

@: protected from physical damage, corroded, flying, mesmerised, inhibited
regen, hasted, studying Short Blades, repel missiles, very quick
A: claws 1, cold resistance 1, negative energy resistance 3, inhibited
regeneration, torment resistance 2
a: Renounce Religion, Evoke Blink, Upheaval, Elemental Force, Disaster Area


You were in the Dungeon.
You worshipped Qazlal.
Qazlal was exalted by your worship.
You visited 1 branch

Inventory:

Hand Weapons
 B - the +14 obsidian axe (weapon) {vorpal, Mesm Drain Fly SInv}
   (You found it in the Dungeon)

   It inflicts extra damage upon your enemies.
   It occasionally summons demons to assist the wielder when it strikes in
   combat.
   Its wielder is mesmerised by any visible foes.
   It cannot be unequipped while any foes are visible.
   SInv:      It lets you see invisible.
   Fly:       It grants you flight.
   Drain:     It drains your maximum health when unequipped.
Missiles
 v - a throwing net (quivered)
Armour
 h - +5 gold dragon scales
 u - a +2 helmet of see invisible (worn)
 y - the +12 chain mail "Uduad" (worn) {rElec Int+8 Slay+6 Stlth-}
   (You found it in the Dungeon)

   Int:       It affects your intelligence (+8).
   Slay:      It affects your accuracy & damage with ranged weapons and melee
   (+6).
   rElec:     It insulates you from electricity.
   Stlth:     It makes you less stealthy.
 C - the +18 shield of the Gong (worn) {rElec rN+ Will+ EV-5}
   (You found it in the Dungeon)

   It is deafeningly noisy when blocking attacks.
   EV:        It affects your evasion (-5).
   rElec:     It insulates you from electricity.
   rN:        It protects you from negative energy.
   Will:      It increases your willpower.
Jewellery
 b - the amulet "Piotuidgh" (around neck) {+Blink Regen+ Dex+2}
   (You found it in the Dungeon)

   [amulet of regeneration]

   Dex:       It affects your dexterity (+2).
   +Blink:    It lets you blink.
   Regen:     It increases your rate of health regeneration.
 x - the ring of Elyvilon's Favour (right claw) {rElec rPois rC+ Str+8 Stlth-}
   (You found it in the Dungeon)

   [ring of poison resistance]

   Str:       It affects your strength (+8).
   rC:        It protects you from cold.
   rElec:     It insulates you from electricity.
   rPois:     It protects you from poison.
   Stlth:     It makes you less stealthy.
 A - the ring of the Distant Future (left claw) {rC- Dex+6 Slay+6}
   (You found it in the Dungeon)

   [ring of dexterity]

   Dex:       It affects your dexterity (+6).
   Slay:      It affects your accuracy & damage with ranged weapons and melee
   (+6).
   rC:        It makes you vulnerable to cold.
Wands
 r - a wand of mindburst (7)
 s - a wand of iceblast (7)
 t - a wand of acid (6)
Scrolls
 a - a scroll of brand weapon
 g - 4 scrolls of blinking
 i - 4 scrolls of amnesia
 j - 7 scrolls of fog
 k - 5 scrolls of identify
 l - 2 scrolls of fear
Potions
 c - 10 potions of curing
 d - 5 potions of heal wounds
 e - 5 potions of haste
 f - 6 potions of magic
 m - 2 potions of brilliance
 n - 2 potions of invisibility
 o - 4 potions of resistance
 p - a potion of experience
 q - 6 potions of might
Miscellaneous
 w - a condenser vane


   Skills:
 * Level 17.6 Fighting
 * Level 15.0 Axes
 + Level 10.6 Armour
 + Level 11.0 Dodging
 - Level 2.1 Stealth
 + Level 10.6 Shields
 * Level 17.4 Invocations


You had 12 spell levels left.
You didn't know any spells.
Your spell library contained the following spells:

 Spells                   Type           Power      Damage    Failure   Level
 Sandblast                Erth           0%         2d4       95%         1
 Sting                    Tmut/Pois      0%         1d3       95%         1
 Poisonous Vapours        Pois/Air       0%         N/A       99%         2
 Dazzling Flash           Conj/Hex       0%         N/A       100%        3
 Ozocubu's Armour         Ice            0%         N/A       100%        3
 Fulminant Prism          Conj/Hex       0%         3d6       100%        4
 Olgreb's Toxic Radiance  Pois           0%         N/A       100%        4
 Silence                  Hex/Air        0%         N/A       100%        5
 Yara's Violent Unravell  Hex/Tmut       0%         3d3       100%        5
 Conjure Ball Lightning   Conj/Air       0%         3x3d6     100%        6
 Iron Shot                Conj/Erth      0%         9d1       100%        6
 Ozocubu's Refrigeration  Ice            0%         4d5       100%        7
 Lehudib's Crystal Spear  Conj/Erth      0%         10d2      100%        8


Dungeon Overview and Level Annotations

Branches:
Dungeon (1/1)

Altars:
Ashenzari
Cheibriados
Dithmenos
Elyvilon
Fedhas
Gozag
Hepliaklqana
Kikubaaqudgha
Makhleb
Nemelex Xobeh
Okawaru
Qazlal
Ru
Sif Muna
Trog
Uskayaw
Vehumet
Wu Jian
Xom
Yredelemnul
Zin
The Shining One
Beogh
Jiyva
Lugonu

Annotations:
D 1 transporter


Innate Abilities, Weirdness & Mutations

You thrive by killing the living.
You are immune to poison.
You have sharp fingernails.
Your flesh is cold resistant. (rC+)
You are immune to negative energy. (rN+++)
You do not regenerate when monsters are visible.
You are immune to unholy pain and torment.


Message History

Your air elemental completely misses the caustic shrike.
The caustic shrike claws you. The acid corrodes you!
You are splashed with acid.
Your air elemental completely misses the quicksilver elemental.
Your air elemental misses the caustic shrike.
The caustic shrike is engulfed in blazing flames.
You block the caustic shrike's attack.
SHROANNG!
You block the war gargoyle's attack.
SHROANNG!
You block the quicksilver elemental's attack.
SHROANNG!
Your air elemental misses the quicksilver elemental.
Your fire elemental hits the caustic shrike.
Your fire elemental burns the caustic shrike!
The caustic shrike resists.
Your air elemental misses the caustic shrike.
The iron golem hits you! You block the iron golem's attack.
GONNNNG!
Unknown command.
Unknown command.
Unknown command.
You feel yourself speed up.
Visions of slaying the iron giant flood into your mind.
Your fire elemental disappears in a puff of smoke!
Your air elemental hits the quicksilver elemental.
The caustic shrike is engulfed in blazing flames.
You block the caustic shrike's attack.
BONNNG!
Your air elemental hits the caustic shrike but does no damage.
You block the quicksilver elemental's attack.
GONNNNG!
You block the war gargoyle's attack.
GONNNNG!
Your air elemental barely misses the quicksilver elemental.
The caustic shrike is engulfed in blazing flames.
The caustic shrike claws you.
You are splashed with acid!
* * * LOW HITPOINT WARNING * * *
The iron giant hits you with a +0 giant club!!!
You die...

▓.▓.†(..▓.
▓..:.8©8....▓....©....
▓...?)=)"=..▓▓▓▓▓▓▓▓▓▓
▓...)}.[≈=..▓...8©8...
▓..≈.)......▓..=.=})..
▓..≈.).≈≈...▓...)|)...
▓..°○§°E....▓.........
▓..○CDb§....▓.........
..▓D@9§.▓..▓.........
▓.▓9EE▓.▓ ▓...†.....
▓..▓.D...▓..▓.▓.....▓.
▓....§©.....▓....©....
▓▓▓▓▓▓▓▓▓▓▓▓▓▓▓▓▓▓▓▓▓▓
▓...8©8...▓...8©8...▓.
▓..)}).)).▓..}|))...▓.
▓..[=())..▓....|||..▓.
▓...)())..▓..†......▓.


You could see an iron golem, an iron giant (mesmerising), 3 iron dragons, a
caustic shrike (ally target), a quicksilver elemental (ally target), a war
gargoyle and 2 friendly air elementals.

Vanquished Creatures
  A deep elf master archer (D)
  A quicksilver elemental (D)
  A stone giant (D)
  2 war gargoyles (D)
  A merfolk javelineer (D)
  A yaktaur captain (D)
  A spriggan air mage (D)
  A hydra (D)
  2 two-headed ogres (D)
  2 centaur warriors (D)
  A death yak (D)
  3 spriggan druids (D)
  A deep elf zephyrmancer (D)
  2 cyclopes (D)
  3 toenail golems (D)
  2 komodo dragons (D)
  A tormentor (D)
  2 merfolk (D)
  2 wind drakes (D)
  3 spriggans (D)
  A hell hound (D)
  A water moccasin (D)
  A black bear (D)
  A necrophage (D)
  4 wolves (D)
  A centaur (D)
  A quasit (D)
  An orc wizard (D)
  A shadow imp (D)
  A white imp (D)
  4 orcs (D)
  A bat skeleton (D)
  2 bat zombies (D)
  A ball python zombie (D)
  A quokka zombie (D)
55 creatures vanquished.

Vanquished Creatures (collateral kills)
  A deep elf master archer (D)
  A yaktaur captain (D)
  A hydra (D)
  A spriggan air mage (D)
  A two-headed ogre (D)
  2 cyclopes (D)
  2 toenail golems (D)
  A cane toad (D)
  A yaktaur (D)
  A merfolk (D)
  A wind drake (D)
  A spriggan (D)
  A black bear (D)
  An ogre (D)
  2 phantoms (D)
  An earth elemental (D)
  A wight (D)
  A quasit (D)
  An orc priest (D)
  A shadow imp (D)
  An adder zombie (D)
24 creatures vanquished.

Grand Total: 79 creatures vanquished

Notes
Turn   | Place    | Note
-------+----------+-------------------------------------------
     0 | D        | HallandMoats the Ghoul Monk began the quest for the Orb.
     0 | D        | Reached XP level 1. HP: 19/19 MP: 0/0
    15 | D        | Found a shimmering blue altar of Sif Muna.
    15 | D        | Found a bloodstained altar of Trog.
    15 | D        | Found a sacrificial altar of Ru.
    15 | D        | Found a stormy altar of Qazlal.
    15 | D        | Found an iron altar of Okawaru.
    16 | D        | Found a sparkling altar of Nemelex Xobeh.
    16 | D        | Found the +6 Majin-Bo {vamp, MP+6 Int+6}
    16 | D        | Found the +9 heavy crossbow "Sniper" {vorpal, Acc+∞ SInv}
    16 | D        | Found the +10 dark maul {vorpal}
    16 | D        | Found the +15 Maxwell's patent armour {-Cast -Tele rElec
                  | Will+ rCorr}
    16 | D        | Found the +18 shield of the Gong {rElec rN+ Will+ EV-5}
    16 | D        | Found the +14 obsidian axe {vorpal, Mesm Drain Fly SInv}
    16 | D        | Found the +7 great mace "Firestarter" {inner flame, rF++}
    16 | D        | Found the +6 shillelagh "Devastator" {shatter}
    16 | D        | Found the +11 plutonium sword {Contam Stlth-}
    16 | D        | Found the +8 lance "Wyrmbane" {slay drac, rPois rF+ rC+
                  | AC+3}
    16 | D        | Found the +9 sword of Zonguldrok {reap}
    16 | D        | Found the +13 scythe of Curses {drain, Drain}
    16 | D        | Found the +5 sword of Power {vorpal}
    16 | D        | Found the +7 mace of Variability {chain chaos}
    16 | D        | Found the +7 Singing Sword {vorpal, sonic wave}
    16 | D        | Found the +8 storm bow {elec, penet}
    17 | D        | Found an ancient bone altar of Kikubaaqudgha.
    17 | D        | Found a transporter.
    17 | D        | Found a corrupted altar of Lugonu.
    17 | D        | Found a viscous altar of Jiyva.
    17 | D        | Found a burning altar of Makhleb.
    17 | D        | Found a hazy altar of Hepliaklqana.
    17 | D        | Found an opulent altar of Gozag.
    18 | D        | Found a blossoming altar of Fedhas.
    41 | D        | Became a worshipper of Qazlal Stormbringer
    41 | D        | Reached * piety under Qazlal
    41 | D        | Reached ** piety under Qazlal
    66 | D        | Entered arena 2.
    66 | D        | Noticed a deep elf zephyrmancer
    66 | D        | Noticed an earth elemental
    66 | D        | Found a transporter.
    68 | D        | Killed a deep elf zephyrmancer
    69 | D        | Reached skill level 5 in Dodging
    69 | D        | Reached XP level 2. HP: 35/35 MP: 0/5
    69 | D        | Reached XP level 3. HP: 40/40 MP: 0/7
    69 | D        | Reached XP level 4. HP: 48/48 MP: 0/8
    69 | D        | Reached XP level 5. HP: 53/53 MP: 0/9
    69 | D        | Reached XP level 6. HP: 61/61 MP: 0/10
    75 | D        | Reached XP level 7. HP: 69/69 MP: 0/11
    78 | D        | Got Ununle Lase's Incunabulum of Earthen Enchantment
    84 | D        | Entered arena 3.
    84 | D        | Noticed a spriggan
    84 | D        | Found a transporter.
    89 | D        | Killed a spriggan
    89 | D        | Reached *** piety under Qazlal
    99 | D        | Entered arena 4.
    99 | D        | Found the +7 Spriggan's Knife {stab, EV+4 Stlth+}
    99 | D        | Found a transporter.
   103 | D        | Reached **** piety under Qazlal
   104 | D        | Reached skill level 5 in Armour
   104 | D        | Reached skill level 5 in Shields
   104 | D        | Reached XP level 8. HP: 75/78 MP: 4/13
   111 | D        | Entered arena 5.
   111 | D        | Found a transporter.
   115 | D        | Reached ***** piety under Qazlal
   120 | D        | Entered arena 6.
   120 | D        | Noticed a toenail golem
   120 | D        | Noticed a toenail golem
   120 | D        | Noticed a toenail golem
   120 | D        | Noticed a toenail golem
   120 | D        | Noticed a toenail golem
   120 | D        | Found a transporter.
   124 | D        | Killed a toenail golem
   125 | D        | Reached skill level 10 in Fighting
   125 | D        | Killed a toenail golem
   126 | D        | Reached skill level 10 in Invocations
   126 | D        | Reached XP level 9. HP: 86/86 MP: 8/15
   126 | D        | Killed a toenail golem
   127 | D        | Killed a toenail golem
   127 | D        | Killed a toenail golem
   128 | D        | Reached skill level 10 in Axes
   139 | D        | Entered arena 7.
   140 | D        | Found a transporter.
   143 | D        | Reached ****** piety under Qazlal
   166 | D        | Entered arena 8.
   166 | D        | Noticed a two-headed ogre
   166 | D        | Noticed a two-headed ogre
   166 | D        | Noticed a two-headed ogre
   166 | D        | Noticed a cyclops
   166 | D        | Noticed a cyclops
   167 | D        | Found a transporter.
   170 | D        | Killed a two-headed ogre
   171 | D        | Reached XP level 10. HP: 97/97 MP: 15/17
   171 | D        | Killed a two-headed ogre
   171 | D        | Killed a cyclops
   172 | D        | Killed a cyclops
   173 | D        | Killed a two-headed ogre
   178 | D        | Got the amulet "Piotuidgh" {+Blink Regen+ Dex+2}
   188 | D        | Entered arena 9.
   188 | D        | Noticed a cyclops
   189 | D        | Found a transporter.
   201 | D        | Killed a cyclops
   202 | D        | Reached XP level 11. HP: 58/108 MP: 18/20
   251 | D        | Entered arena 10.
   252 | D        | Found a transporter.
   267 | D        | Got the ring of Elyvilon's Favour {rElec rPois rC+ Str+8
                  | Stlth-}
   281 | D        | Entered arena 11.
   281 | D        | Noticed a spriggan druid
   281 | D        | Noticed a spriggan druid
   282 | D        | Found a transporter.
   285 | D        | Killed a spriggan druid
   288 | D        | Killed a spriggan druid
   301 | D        | Entered arena 12.
   301 | D        | Noticed a six-headed hydra
   301 | D        | Noticed a death yak
   301 | D        | Noticed a spriggan druid
   301 | D        | Noticed a five-headed hydra
   301 | D        | Noticed a spriggan air mage
   301 | D        | Noticed a spriggan air mage
   303 | D        | Killed a spriggan druid
   303 | D        | Killed a six-headed hydra
   304 | D        | Reached skill level 15 in Fighting
   305 | D        | Found a transporter.
   306 | D        | Killed a death yak
   306 | D        | Killed a six-headed hydra
   307 | D        | Reached skill level 15 in Invocations
   307 | D        | Killed a spriggan air mage
   308 | D        | Killed a spriggan air mage
   309 | D        | Reached XP level 12. HP: 90/122 MP: 8/22
   313 | D        | Got Sif Muna's Guide on Bewitching Air
   319 | D        | Got the +12 chain mail "Uduad" {rElec Int+8 Slay+6 Stlth-}
   387 | D        | Entered arena 13.
   387 | D        | Noticed a deep elf master archer
   387 | D        | Noticed a merfolk javelineer
   387 | D        | Noticed a centaur warrior
   387 | D        | Noticed a centaur warrior
   387 | D        | Noticed a stone giant
   388 | D        | Noticed a deep elf master archer
   388 | D        | Noticed a yaktaur captain
   388 | D        | Noticed a yaktaur captain
   389 | D        | Killed a centaur warrior
   389 | D        | Killed a centaur warrior
   389 | D        | Killed a stone giant
   389 | D        | Killed a yaktaur captain
   390 | D        | Reached skill level 10 in Dodging
   391 | D        | Found a transporter.
   393 | D        | Killed a deep elf master archer
   393 | D        | Killed a yaktaur captain
   394 | D        | Reached skill level 10 in Armour
   394 | D        | Reached skill level 10 in Shields
   394 | D        | Killed a merfolk javelineer
   396 | D        | Killed a deep elf master archer
   422 | D        | Got the ring of the Distant Future {rC- Dex+6 Slay+6}
   442 | D        | Entered arena 14.
   442 | D        | Noticed a war gargoyle
   442 | D        | Noticed an iron giant
   442 | D        | Noticed an iron golem
   443 | D        | Noticed an iron dragon
   443 | D        | Noticed an iron dragon
   443 | D        | Noticed a caustic shrike
   443 | D        | Noticed a quicksilver elemental
   443 | D        | Noticed a quicksilver elemental
   443 | D        | Noticed a war gargoyle
   443 | D        | Noticed an iron dragon
   444 | D        | Noticed a war gargoyle
   444 | D        | Found the dreamshard necklace {*Dream Drain}
   446 | D        | Killed a war gargoyle
   446 | D        | Killed a war gargoyle
   446 | D        | Killed a quicksilver elemental
   447 | D        | Reached skill level 15 in Axes
   447 | D        | Reached XP level 13. HP: 96/133 MP: 3/24
   447 | D        | Found a transporter.
   449 | D        | HP: 3/133 [war gargoyle (18)]
   454 | D        | Annihilated by an iron giant

Illustrated notes

Levels and vault maps discovered:
D:        sprint_v [room_start, room_1, room_2, room_3, room_4, room_5, room_6,
          room_7, room_8, room_9, room_10, room_11, room_12, room_13, room_14,
          room_15, room_16, room_17, room_18, room_19, room_20, room_21,
          room_22, room_23, room_24, room_25, room_26, room_27]

Skill      XL: |  1  2  3  4  5  6  7  8  9 10 11 12 |
---------------+-------------------------------------+-----
Fighting       | 8 9 10 12 13 15 17 | 17.6
Axes           | 6 7 9 10 11 13 15 | 15.0
Armour         | 4 5 6 8 9 10 | 10.6
Dodging        | 5 6 7 8 9 11 | 11.0
Shields        | 4 5 6 8 9 10 | 10.6
Invocations    | 7 8 10 11 13 15 17 | 17.4
Stealth        | |  2.1

Action                   |  1- 3 |  4- 6 |  7- 9 | 10-12 | 13-15 || total
-------------------------+-------+-------+-------+-------+-------++-------
Melee: Broad axe         |     1 |     4 |    16 |    36 |       ||    57
Invok: Disaster Area     |       |       |       |     4 |       ||     4
       Elemental Force   |       |       |       |     2 |     1 ||     3
Evoke: Wand              |     1 |       |       |       |       ||     1
  Use: Potion            |       |       |       |       |     7 ||     7
 Stab: Distracted        |       |       |     1 |       |       ||     1
       Paralysed         |       |       |       |     5 |       ||     5
Armor: Gold dragon scale |     1 |       |     3 |    16 |       ||    20
       Chain mail        |       |       |       |     5 |     9 ||    14
Dodge: Dodged            |       |       |       |     3 |     1 ||     4
Block: Kite shield       |       |     2 |    21 |    77 |    29 ||   129

Table legend: (Time is in decaauts)
 A = Elapsed time spent in this place.
 B = Non-inter-level travel time spent in this place.
 C = Inter-level travel time spent in this place.
 D = Time resting spent in this place.
 E = Time spent auto-exploring this place.
 F = Levels seen in this place.
 G = Mean time per level.
                   A        B        C        D        E       F      G
               +--------+--------+--------+--------+--------+-----+--------+
         Total |    463 |    463 |      0 |     84 |      0 |   1 |  463.0 |
       Dungeon |    463 |    463 |      0 |     84 |      0 |   1 |  463.0 |
               +--------+--------+--------+--------+--------+-----+--------+

Top non-repeatable levels by time:
       D: 463 daAuts
